%YAML 1.1
%TAG !u! tag:unity3d.com,2011:
--- !u!1 &4622507077708179949
GameObject:
  m_ObjectHideFlags: 0
  m_CorrespondingSourceObject: {fileID: 0}
  m_PrefabInstance: {fileID: 0}
  m_PrefabAsset: {fileID: 0}
  serializedVersion: 6
  m_Component:
  - component: {fileID: 5551157180116144967}
  - component: {fileID: 3960583481385164675}
  - component: {fileID: 3987801796429127069}
  - component: {fileID: 5392019369288540094}
  m_Layer: 0
  m_Name: Poang Rocking Armchair
  m_TagString: Untagged
  m_Icon: {fileID: 0}
  m_NavMeshLayer: 0
  m_StaticEditorFlags: 0
  m_IsActive: 1
--- !u!4 &5551157180116144967
Transform:
  m_ObjectHideFlags: 0
  m_CorrespondingSourceObject: {fileID: 0}
  m_PrefabInstance: {fileID: 0}
  m_PrefabAsset: {fileID: 0}
  m_GameObject: {fileID: 4622507077708179949}
  serializedVersion: 2
  m_LocalRotation: {x: 0, y: 0, z: 0, w: 1}
  m_LocalPosition: {x: 0, y: 0, z: 0}
  m_LocalScale: {x: 1, y: 1, z: 1}
  m_ConstrainProportionsScale: 1
  m_Children:
  - {fileID: 6222897419294521099}
  - {fileID: 9155195748536948866}
  m_Father: {fileID: 0}
  m_LocalEulerAnglesHint: {x: 0, y: 0, z: 0}
--- !u!65 &3960583481385164675
BoxCollider:
  m_ObjectHideFlags: 0
  m_CorrespondingSourceObject: {fileID: 0}
  m_PrefabInstance: {fileID: 0}
  m_PrefabAsset: {fileID: 0}
  m_GameObject: {fileID: 4622507077708179949}
  m_Material: {fileID: 0}
  m_IncludeLayers:
    serializedVersion: 2
    m_Bits: 0
  m_ExcludeLayers:
    serializedVersion: 2
    m_Bits: 0
  m_LayerOverridePriority: 0
  m_IsTrigger: 0
  m_ProvidesContacts: 0
  m_Enabled: 1
  serializedVersion: 3
  m_Size: {x: 0.68, y: 0.998244, z: 0.821024}
  m_Center: {x: 0.00014299154, y: 0.021963984, z: 0.18200901}
--- !u!54 &3987801796429127069
Rigidbody:
  m_ObjectHideFlags: 0
  m_CorrespondingSourceObject: {fileID: 0}
  m_PrefabInstance: {fileID: 0}
  m_PrefabAsset: {fileID: 0}
  m_GameObject: {fileID: 4622507077708179949}
  serializedVersion: 4
  m_Mass: 1
  m_Drag: 0
  m_AngularDrag: 0.05
  m_CenterOfMass: {x: 0, y: 0, z: 0}
  m_InertiaTensor: {x: 1, y: 1, z: 1}
  m_InertiaRotation: {x: 0, y: 0, z: 0, w: 1}
  m_IncludeLayers:
    serializedVersion: 2
    m_Bits: 0
  m_ExcludeLayers:
    serializedVersion: 2
    m_Bits: 0
  m_ImplicitCom: 1
  m_ImplicitTensor: 1
  m_UseGravity: 0
  m_IsKinematic: 1
  m_Interpolate: 0
  m_Constraints: 0
  m_CollisionDetection: 0
--- !u!114 &5392019369288540094
MonoBehaviour:
  m_ObjectHideFlags: 0
  m_CorrespondingSourceObject: {fileID: 0}
  m_PrefabInstance: {fileID: 0}
  m_PrefabAsset: {fileID: 0}
  m_GameObject: {fileID: 4622507077708179949}
  m_Enabled: 1
  m_EditorHideFlags: 0
  m_Script: {fileID: 11500000, guid: 3b1bcc8d89b8d224f98d37d9daf802ba, type: 3}
  m_Name: 
  m_EditorClassIdentifier: 
--- !u!1 &6699587477446730708
GameObject:
  m_ObjectHideFlags: 0
  m_CorrespondingSourceObject: {fileID: 0}
  m_PrefabInstance: {fileID: 0}
  m_PrefabAsset: {fileID: 0}
  serializedVersion: 6
  m_Component:
  - component: {fileID: 9155195748536948866}
  - component: {fileID: 8783270464425504152}
  - component: {fileID: 1085255002842591943}
  - component: {fileID: 978523814411151870}
  - component: {fileID: 8722773105090950592}
  - component: {fileID: 3399516725244439857}
  - component: {fileID: 6140187745276412843}
  - component: {fileID: 2311889977111220921}
  - component: {fileID: 2580275251197639705}
  m_Layer: 0
  m_Name: ISDK_DistanceHandGrabInteraction
  m_TagString: Untagged
  m_Icon: {fileID: 0}
  m_NavMeshLayer: 0
  m_StaticEditorFlags: 0
  m_IsActive: 1
--- !u!4 &9155195748536948866
Transform:
  m_ObjectHideFlags: 0
  m_CorrespondingSourceObject: {fileID: 0}
  m_PrefabInstance: {fileID: 0}
  m_PrefabAsset: {fileID: 0}
  m_GameObject: {fileID: 6699587477446730708}
  serializedVersion: 2
  m_LocalRotation: {x: 0, y: 0, z: 0, w: 1}
  m_LocalPosition: {x: 0, y: -0.069, z: 0.084}
  m_LocalScale: {x: 1, y: 1, z: 1}
  m_ConstrainProportionsScale: 0
  m_Children: []
  m_Father: {fileID: 5551157180116144967}
  m_LocalEulerAnglesHint: {x: 0, y: 0, z: 0}
--- !u!114 &8783270464425504152
MonoBehaviour:
  m_ObjectHideFlags: 0
  m_CorrespondingSourceObject: {fileID: 0}
  m_PrefabInstance: {fileID: 0}
  m_PrefabAsset: {fileID: 0}
  m_GameObject: {fileID: 6699587477446730708}
  m_Enabled: 1
  m_EditorHideFlags: 0
  m_Script: {fileID: 11500000, guid: 43f86b14a27b52f4f9298c33015b5c26, type: 3}
  m_Name: 
  m_EditorClassIdentifier: 
  _transferOnSecondSelection: 0
  _addNewPointsToFront: 0
  _forwardElement: {fileID: 0}
  _oneGrabTransformer: {fileID: 2580275251197639705}
  _twoGrabTransformer: {fileID: 2311889977111220921}
  _targetTransform: {fileID: 5551157180116144967}
  _maxGrabPoints: 2
--- !u!114 &1085255002842591943
MonoBehaviour:
  m_ObjectHideFlags: 0
  m_CorrespondingSourceObject: {fileID: 0}
  m_PrefabInstance: {fileID: 0}
  m_PrefabAsset: {fileID: 0}
  m_GameObject: {fileID: 6699587477446730708}
  m_Enabled: 1
  m_EditorHideFlags: 0
  m_Script: {fileID: 11500000, guid: baed3e011583e1844a6e85b1cd0657f2, type: 3}
  m_Name: 
  m_EditorClassIdentifier: 
  _interactorFilters: []
  _maxInteractors: -1
  _maxSelectingInteractors: -1
  _data: {fileID: 0}
  _pointableElement: {fileID: 8783270464425504152}
  _rigidbody: {fileID: 3987801796429127069}
  _physicsGrabbable: {fileID: 8722773105090950592}
  _resetGrabOnGrabsUpdated: 0
  _slippiness: 0
  _supportedGrabTypes: 3
  _pinchGrabRules:
    _thumbRequirement: 0
    _indexRequirement: 2
    _middleRequirement: 0
    _ringRequirement: 0
    _pinkyRequirement: 0
    _unselectMode: 1
  _palmGrabRules:
    _thumbRequirement: 1
    _indexRequirement: 2
    _middleRequirement: 2
    _ringRequirement: 2
    _pinkyRequirement: 1
    _unselectMode: 0
  _movementProvider: {fileID: 3399516725244439857}
  _handAligment: 0
  _handGrabPoses: []
--- !u!114 &978523814411151870
MonoBehaviour:
  m_ObjectHideFlags: 0
  m_CorrespondingSourceObject: {fileID: 0}
  m_PrefabInstance: {fileID: 0}
  m_PrefabAsset: {fileID: 0}
  m_GameObject: {fileID: 6699587477446730708}
  m_Enabled: 1
  m_EditorHideFlags: 0
  m_Script: {fileID: 11500000, guid: 07525681efbca7a4e9643ab3a592ada7, type: 3}
  m_Name: 
  m_EditorClassIdentifier: 
  _interactorFilters: []
  _maxInteractors: -1
  _maxSelectingInteractors: -1
  _data: {fileID: 0}
  _pointableElement: {fileID: 8783270464425504152}
  _rigidbody: {fileID: 3987801796429127069}
  _grabSource: {fileID: 0}
  _resetGrabOnGrabsUpdated: 0
  _physicsGrabbable: {fileID: 8722773105090950592}
  _movementProvider: {fileID: 3399516725244439857}
--- !u!114 &8722773105090950592
MonoBehaviour:
  m_ObjectHideFlags: 0
  m_CorrespondingSourceObject: {fileID: 0}
  m_PrefabInstance: {fileID: 0}
  m_PrefabAsset: {fileID: 0}
  m_GameObject: {fileID: 6699587477446730708}
  m_Enabled: 1
  m_EditorHideFlags: 0
  m_Script: {fileID: 11500000, guid: 1bedaac29a943f844a7074b53c8bdf9f, type: 3}
  m_Name: 
  m_EditorClassIdentifier: 
  _pointable: {fileID: 8783270464425504152}
  _rigidbody: {fileID: 3987801796429127069}
  _scaleMassWithSize: 1
--- !u!114 &3399516725244439857
MonoBehaviour:
  m_ObjectHideFlags: 0
  m_CorrespondingSourceObject: {fileID: 0}
  m_PrefabInstance: {fileID: 0}
  m_PrefabAsset: {fileID: 0}
  m_GameObject: {fileID: 6699587477446730708}
  m_Enabled: 1
  m_EditorHideFlags: 0
  m_Script: {fileID: 11500000, guid: 953054d108799b942815afb3405983ff, type: 3}
  m_Name: 
  m_EditorClassIdentifier: 
--- !u!114 &6140187745276412843
MonoBehaviour:
  m_ObjectHideFlags: 0
  m_CorrespondingSourceObject: {fileID: 0}
  m_PrefabInstance: {fileID: 0}
  m_PrefabAsset: {fileID: 0}
  m_GameObject: {fileID: 6699587477446730708}
  m_Enabled: 1
  m_EditorHideFlags: 0
  m_Script: {fileID: 11500000, guid: 0529a9671a3b6a74fab00c4d05312c64, type: 3}
  m_Name: 
  m_EditorClassIdentifier: 
  _renderer: {fileID: 0}
  _customIcon: {fileID: 2800000, guid: aa3a2b3718100f84fb5d8ff9adb8ccb7, type: 3}
  _snappiness: 1
--- !u!114 &2311889977111220921
MonoBehaviour:
  m_ObjectHideFlags: 0
  m_CorrespondingSourceObject: {fileID: 0}
  m_PrefabInstance: {fileID: 0}
  m_PrefabAsset: {fileID: 0}
  m_GameObject: {fileID: 6699587477446730708}
  m_Enabled: 1
  m_EditorHideFlags: 0
  m_Script: {fileID: 11500000, guid: 6b80644816ce922468d6e1dc8c12daff, type: 3}
  m_Name: 
  m_EditorClassIdentifier: 
  _pivotTransform: {fileID: 0}
  _rotationAxis: 1
  _constraints:
    MinAngle:
      Constrain: 0
      Value: 0
    MaxAngle:
      Constrain: 0
      Value: 0
--- !u!114 &2580275251197639705
MonoBehaviour:
  m_ObjectHideFlags: 0
  m_CorrespondingSourceObject: {fileID: 0}
  m_PrefabInstance: {fileID: 0}
  m_PrefabAsset: {fileID: 0}
  m_GameObject: {fileID: 6699587477446730708}
  m_Enabled: 1
  m_EditorHideFlags: 0
  m_Script: {fileID: 11500000, guid: 350fe9e6941e89347bd17b9ab1852564, type: 3}
  m_Name: 
  m_EditorClassIdentifier: 
  _constraints:
    ConstraintsAreRelative: 0
    MinX:
      Constrain: 0
      Value: 0
    MaxX:
      Constrain: 0
      Value: 0
    MinY:
      Constrain: 0
      Value: 0
    MaxY:
      Constrain: 0
      Value: 0
    MinZ:
      Constrain: 0
      Value: 0
    MaxZ:
      Constrain: 0
      Value: 0
--- !u!1001 &5897064894129492192
PrefabInstance:
  m_ObjectHideFlags: 0
  serializedVersion: 2
  m_Modification:
    serializedVersion: 3
    m_TransformParent: {fileID: 5551157180116144967}
    m_Modifications:
    - target: {fileID: -8679921383154817045, guid: 54b54a18438f86a499fa84d2f9eadb00, type: 3}
      propertyPath: m_LocalPosition.x
      value: -0
      objectReference: {fileID: 0}
    - target: {fileID: -8679921383154817045, guid: 54b54a18438f86a499fa84d2f9eadb00, type: 3}
      propertyPath: m_LocalPosition.y
      value: 0
      objectReference: {fileID: 0}
    - target: {fileID: -8679921383154817045, guid: 54b54a18438f86a499fa84d2f9eadb00, type: 3}
      propertyPath: m_LocalPosition.z
      value: 0
      objectReference: {fileID: 0}
    - target: {fileID: -8679921383154817045, guid: 54b54a18438f86a499fa84d2f9eadb00, type: 3}
      propertyPath: m_LocalRotation.w
      value: 1
      objectReference: {fileID: 0}
    - target: {fileID: -8679921383154817045, guid: 54b54a18438f86a499fa84d2f9eadb00, type: 3}
      propertyPath: m_LocalRotation.x
      value: 0
      objectReference: {fileID: 0}
    - target: {fileID: -8679921383154817045, guid: 54b54a18438f86a499fa84d2f9eadb00, type: 3}
      propertyPath: m_LocalRotation.y
      value: -0
      objectReference: {fileID: 0}
    - target: {fileID: -8679921383154817045, guid: 54b54a18438f86a499fa84d2f9eadb00, type: 3}
      propertyPath: m_LocalRotation.z
      value: -0
      objectReference: {fileID: 0}
    - target: {fileID: -8679921383154817045, guid: 54b54a18438f86a499fa84d2f9eadb00, type: 3}
      propertyPath: m_LocalEulerAnglesHint.x
      value: 0
      objectReference: {fileID: 0}
    - target: {fileID: -8679921383154817045, guid: 54b54a18438f86a499fa84d2f9eadb00, type: 3}
      propertyPath: m_LocalEulerAnglesHint.y
      value: 0
      objectReference: {fileID: 0}
    - target: {fileID: -8679921383154817045, guid: 54b54a18438f86a499fa84d2f9eadb00, type: 3}
      propertyPath: m_LocalEulerAnglesHint.z
      value: 0
      objectReference: {fileID: 0}
    - target: {fileID: 919132149155446097, guid: 54b54a18438f86a499fa84d2f9eadb00, type: 3}
      propertyPath: m_Name
      value: IKE160001
      objectReference: {fileID: 0}
    m_RemovedComponents: []
    m_RemovedGameObjects: []
    m_AddedGameObjects: []
    m_AddedComponents:
    - targetCorrespondingSourceObject: {fileID: 919132149155446097, guid: 54b54a18438f86a499fa84d2f9eadb00, type: 3}
      insertIndex: -1
      addedObject: {fileID: 1309728425039000645}
  m_SourcePrefab: {fileID: 100100000, guid: 54b54a18438f86a499fa84d2f9eadb00, type: 3}
--- !u!4 &6222897419294521099 stripped
Transform:
  m_CorrespondingSourceObject: {fileID: -8679921383154817045, guid: 54b54a18438f86a499fa84d2f9eadb00, type: 3}
  m_PrefabInstance: {fileID: 5897064894129492192}
  m_PrefabAsset: {fileID: 0}
--- !u!1 &6708107895932644785 stripped
GameObject:
  m_CorrespondingSourceObject: {fileID: 919132149155446097, guid: 54b54a18438f86a499fa84d2f9eadb00, type: 3}
  m_PrefabInstance: {fileID: 5897064894129492192}
  m_PrefabAsset: {fileID: 0}
--- !u!114 &1309728425039000645
MonoBehaviour:
  m_ObjectHideFlags: 0
  m_CorrespondingSourceObject: {fileID: 0}
  m_PrefabInstance: {fileID: 0}
  m_PrefabAsset: {fileID: 0}
  m_GameObject: {fileID: 6708107895932644785}
  m_Enabled: 1
  m_EditorHideFlags: 0
  m_Script: {fileID: 11500000, guid: 5fea29bb7c508c244a1f805a5fd3fc4d, type: 3}
  m_Name: 
  m_EditorClassIdentifier: 
  outlineMode: 0
  outlineColor: {r: 1, g: 1, b: 1, a: 1}
  outlineWidth: 8.22
  precomputeOutline: 0
  bakeKeys: []
  bakeValues: []
